 Dungeon Crawl Stone Soup version 0.31-a0-214-gb37851dbb3 (webtiles) character file.

Game seed: 13644873917240223379

270 bobo the Ruffian (level 6, -1/52 HPs)
             Began as a Draconian Transmuter on July 1, 2023.
             Slain by Grinder (4 damage)
             ... on level 3 of the Dungeon.
             The game lasted 00:05:00 (1942 turns).

bobo the Ruffian (Draconian Transmuter)             Turns: 1942, Time: 00:05:01

Health: -1/52      AC:  6    Str: 14    XL:     6   Next: 1%
Magic:  9/9        EV: 13    Int: 13    God:
Gold:   161        SH:  0    Dex: 12    Spells: 2/9 levels left

rFire   . .          .
                       - Unarmed
rCold   . . .        (no shield)
rNeg    . . .        (body armour unavailable)
rPois   .            (helmet restricted)
rElec   .            (no cloak)
rCorr   .            (no gloves)
SInv    .            (no boots)
Will    .....        (no amulet)
Stlth   +            (no ring)
HPRegen 0.28/turn    (no ring)
MPRegen 0.11/turn

%: no passive effects
@: no status effects
A: AC +6, unfitting armour, cold-blooded
a: no special abilities


You were on level 3 of the Dungeon.
You visited 1 branch of the dungeon, and saw 3 of its levels.

You collected 161 gold pieces.

Inventory:

Jewellery
 j - the ring of the Mage {Wiz Archmagi}
   (You found it on level 2 of the Dungeon)

   [ring of wizardry]

   It improves your spell success rate.
   Archmagi:  It increases the power of your magical spells.
Wands
 a - a wand of flame (18)
Scrolls
 c - a scroll of identify
Potions
 b - 2 potions of degeneration


   Skills:
 + Level 3.8 Fighting
 + Level 3.5 Dodging
 + Level 4.5 Unarmed Combat
 - Level 2.0 Spellcasting
 + Level 2.2 Transmutations


You had 2 spell levels left.
You knew the following spells:

 Your Spells              Type           Power      Damage    Failure   Level
a - Beastly Appendage     Tmut           14%        N/A       11%         1
d - Ice Form              Ice/Tmut       4%         N/A       85%         4
z - Wereblood             Tmut           7%         N/A       16%         2

Your spell library contained the following spells:

 Spells                   Type           Power      Damage    Failure   Level
 Spider Form              Tmut/Pois      4%         N/A       43%         3


Dungeon Overview and Level Annotations

Branches:
Dungeon (3/15)

Altars:

Annotations:
D:3 Grinder


Innate Abilities, Weirdness & Mutations

Your plain brown scales are hard. (AC +6)
You cannot fit into any form of body armour.
You are cold-blooded and may be slowed by cold attacks.


Message History

You hit Grinder. You claw Grinder, but do no damage.
Grinder is lightly wounded.
Grinder gestures at you.
You suddenly lose the ability to move!
Grinder hits you.
You writhe in agony.
* * * LOW HITPOINT WARNING * * *
Grinder blinks!
Grinder says, "FISH!"
You can move again.
As you read the scroll labelled TANAECVUR MUEW, it crumbles to dust.
It is a scroll of enchant weapon.
You aren't carrying any weapons that can be enchanted.
Grinder hits you but does no damage.
The air fills with toxic fumes!
As you read the scroll labelled RYSUAPL XIUSS, it crumbles to dust.
It was a scroll of poison.
Your horns disappear.
Your talons disappear.
Grinder hits you but does no damage.
As you read the scroll labelled KAEMNA TYARR, it crumbles to dust.
The creatures around you are filled with an inner flame!
It was a scroll of immolation.
Grinder says, "DUCK!"
Grinder misses you.
As you read the scroll labelled GIADDA VEUPLO, it crumbles to dust.
It is a scroll of enchant armour.
You aren't carrying any armour which can be enchanted further.
Grinder hits you.
* * * LOW HITPOINT WARNING * * *
You writhe in agony.
* * * LOW HITPOINT WARNING * * *
Okay, then.
Sorry, you're not good enough to have a special ability.
Okay, then.
You hit Grinder.
Flame seeps out of Grinder.
Grinder is lightly wounded.
Grinder is engulfed in blazing flames.
Flame seeps out of Grinder.
Grinder hits you!
* * * LOW HITPOINT WARNING * * *
You writhe in agony.
You die...

<....................#####.#
..........§§§§§§§§§§§§##. .#
.........÷.§§§§§§§§§§§#§.
............§§§§§§§§§§§§
............#§§§§§§§§§###
.....#.....##§§§§§§§§§#
##############§§§§§§§##
#§§§§§§§§§# #§§§@5§§§§#
#§§§§§§§§§# #§§§§§§§§§#
#§§§§§§§§§# ##§§§§§§§##
##§§§§§## #######


You could see Grinder (inner flame).

Vanquished Creatures
  Sigmund (D:2)
  A hound (D:2)
  3 adders (D:2)
  3 worms (D:2)
  2 dart slugs (D:2)
  4 ball pythons
  3 endoplasms
  2 giant cockroaches (D:2)
  4 goblins
  2 hobgoblins
  3 jackals
  5 bats
  3 frilled lizards
  4 kobolds
  A rat (D:1)
41 creatures vanquished.

Notes
Turn   | Place    | Note
-------+----------+-------------------------------------------
     0 | D:1      | bobo the Draconian Transmuter began the quest for the Orb.
     0 | D:1      | Reached XP level 1. HP: 16/16 MP: 3/3
   285 | D:1      | Reached XP level 2. HP: 23/23 MP: 3/5
   288 | D:1      | Learned a level 2 spell: Wereblood
   891 | D:2      | Reached XP level 3. HP: 29/29 MP: 4/6
   940 | D:2      | Noticed Sigmund
   949 | D:2      | Killed Sigmund
   950 | D:2      | Reached skill level 4 in Unarmed Combat
   950 | D:2      | Reached XP level 4. HP: 38/38 MP: 5/7
   950 | D:2      | Reached XP level 5. HP: 45/45 MP: 5/8
  1052 | D:2      | Learned a level 4 spell: Ice Form
  1329 | D:2      | Found the ring of the Mage {Wiz Archmagi}
  1676 | D:3      | Noticed Grinder
  1683 | D:3      | Paralysed by Grinder for 5 turns
  1721 | D:2      | Reached XP level 6. HP: 21/52 MP: 9/9
  1932 | D:3      | Paralysed by Grinder for 5 turns
  1942 | D:3      | Slain by Grinder

Illustrated notes

Levels and vault maps discovered:
D:1:      eino_arrival_water_cross, layout_basic,
          nicolae_concentric_dashed_squares_wild
D:2:      layout_basic, st_stairs_5, uniq_sigmund
D:3:      layout_rooms, mainiacjoe_overflow_paths, mainiacjoe_overflow_catwalk,
          feat_on_display, uniq_grinder

Skill      XL: |  1  2  3 |
---------------+----------+-----
Dodging        | 2 3 |  3.5
Fighting       | 2 3 |  3.8
Unarmed Combat | 4 |  4.5
Spellcasting   | |  2.0
Transmutations | |  2.2

Action                     |  1- 3 |  4- 6 || total
---------------------------+-------+-------++-------
  Melee: Unarmed           |    52 |    63 ||   115
         Kick              |     9 |    12 ||    21
         Headbutt          |     5 |     9 ||    14
         Tailslap          |     1 |     6 ||     7
         Punch             |     1 |     2 ||     3
   Cast: Beastly Appendage |    19 |    17 ||    36
    Use: Potion            |     1 |     3 ||     4
         Scroll            |       |     6 ||     6
   Stab: Sleeping          |     1 |     1 ||     2
 Armour: Skin              |    11 |    27 ||    38
  Dodge: Dodged            |    30 |    47 ||    77

Table legend: (Time is in decaauts)
 A = Elapsed time spent in this place.
 B = Non-inter-level travel time spent in this place.
 C = Inter-level travel time spent in this place.
 D = Time resting spent in this place.
 E = Time spent auto-exploring this place.
 F = Levels seen in this place.
 G = Mean time per level.
                   A        B        C        D        E       F      G
               +--------+--------+--------+--------+--------+-----+--------+
         Total |   1934 |   1877 |     57 |    129 |   1361 |   3 |  644.7 |
       Dungeon |   1934 |   1877 |     57 |    129 |   1361 |   3 |  644.7 |
               +--------+--------+--------+--------+--------+-----+--------+

Top non-repeatable levels by time:
     D:2: 918 daAuts
     D:1: 810 daAuts
     D:3: 206 daAuts
